 Dungeon Sprint DCSS version 0.19.1 (webtiles) character file.

56 KingBobo974 the Impaler (level 7, 0/50 HPs)
             Began as a Merfolk Gladiator on Dec 15, 2016.
             Was a Follower of Okawaru.
             Slain by a blink frog (17 damage)
             ... in the Dungeon (Sprint VI: "Thunderdome").
             The game lasted 00:06:31 (531 turns).

KingBobo974 the Impaler (Merfolk Gladiator)          Turns: 531, Time: 00:06:32

Health: 0/50       AC:  4    Str: 28    XL:     7   Next: 31%
Magic:  7/7        EV: 21    Int:  7    God:    Okawaru [*.....]
Gold:   145        SH:  0    Dex: 14    Spells: 0 memorised, 6 levels left

rFire  + . .     SeeInvis .     a - +0 trident
rCold  x . .     Gourm    +     b - +0 leather armour
rNeg   + . .     Faith    .     (no shield)
rPois  .         Spirit   .     c - +0 helmet
rElec  +         Reflect  .     (no cloak)
rCorr  .         Harm     .     (no gloves)
MR     +....     NoTele   +     (no boots)
Stlth  +.........               q - amulet of Jiadew {Gourm Str+5}
                                p - ring "Xyupis" {Fire rElec Str+3}
                                e - ring of Vuder {rN+ MR+ Str+2}

@: no status effects
A: change form in water, swift swim, stealthy swim
a: Heroism, Renounce Religion


You were in the Dungeon.
You worshipped Okawaru.
Okawaru was aware of your devotion.
You were not hungry.

You visited 1 branch You collected 280 gold pieces.
You spent 135 gold pieces at shops.

Inventory:

Hand Weapons
 a - a +0 trident (weapon)
Missiles
 d - 3 throwing nets (quivered)
Armour
 b - a +0 leather armour (worn)
 c - a +0 helmet (worn)
Jewellery
 e - the ring of Vuder (left hand) {rN+ MR+ Str+2}
   (You bought it in a shop in the Dungeon)

   [ring of strength]

   It affects your strength (+2).
   It protects you from negative energy.
   It affects your resistance to hostile enchantments.
 p - the ring "Xyupis" (right hand) {Fire rElec Str+3}
   (You bought it in a shop in the Dungeon)

   [ring of fire]

   It enhances your fire magic.
   It affects your strength (+3).
   It protects you from fire.
   It makes you vulnerable to cold.
   It insulates you from electricity.
 q - the amulet of Jiadew (around neck) {Gourm Str+5}
   (You bought it in a shop in the Dungeon)

   [amulet of the gourmand]

   It allows you to eat raw meat even when not hungry.
   It affects your strength (+5).
Wands
 l - a wand of acid (5/15)
 m - a wand of iceblast (5/15)
Scrolls
 k - 4 scrolls of blinking
 n - 3 scrolls of fog
Potions
 g - a potion of heal wounds
 h - 4 potions of haste
 i - 2 potions of magic
 j - a potion of berserk rage
 o - a potion of resistance
Comestibles
 f - a bread ration


   Skills:
 - Level 2.1 Fighting
 * Level 15.0 Polearms
 - Level 2.0 Throwing
 * Level 13.9 Dodging


You had 6 spell levels left.
You didn't know any spells.

Dungeon Overview and Level Annotations

Branches:
Dungeon (1/1)

Altars:
Cheibriados
Dithmenos
Fedhas
Gozag
Kikubaaqudgha
Makhleb
Okawaru
Qazlal
Ru
Sif Muna
Trog
Uskayaw
Vehumet
Xom
Yredelemnul
Zin
The Shining One
Beogh
Jiyva
Lugonu

Shops:
D *[%??*?*:[((!!!!


Message History

The bullfrog is moderately wounded.
The bullfrog hits you!
You closely miss the bullfrog.
The bullfrog is moderately wounded.
The bullfrog closely misses you.
You puncture the bullfrog!
The bullfrog is almost dead.
The bullfrog misses you.
You miss the bullfrog.
The bullfrog is almost dead.
The bullfrog hits you.
You closely miss the bullfrog.
The bullfrog is almost dead.
The bullfrog closely misses you.
You puncture the bullfrog!
You kill the bullfrog!
Okawaru accepts your kill.
Your Polearms skill increases to level 15!
The blink frog hits you!
You die...

###∩........8.# #.8........∩
##.............###...........
#⌠.....†....###...###........
#⌠..........# #.<.# #........
#⌠......÷...###...###........
##.............###...........
###∩........8.# #.8........∩
##∩___......###......_..∩#
######.8@F.......8.######
#⌠..........†⌠#
###.........### #_........#
#_......._# #_........#
#∩.......∩# ##∩.....∩##
##.....##


You could see a blink frog.

Vanquished Creatures
  A water moccasin (D)
  5 bullfrogs (D)
  A crimson imp (D)
  A quasit (D)
  5 adders (D)
  3 shadow imps (D)
  A white imp (D)
17 creatures vanquished.

Notes
Turn   | Place    | Note
-------+----------+-------------------------------------------
     0 | D        | KingBobo974 the Merfolk Gladiator began the quest for the Orb.
     0 | D        | Reached XP level 1. HP: 16/16 MP: 1/1
     1 | D        | Found an opulent altar of Gozag.
     1 | D        | Found a shimmering altar of Xom.
     2 | D        | Found a roughly hewn altar of Beogh.
     2 | D        | Found a deep blue altar of Sif Muna.
     3 | D        | Found a hide-covered altar of Uskayaw.
     3 | D        | Found a snail-covered altar of Cheibriados.
     4 | D        | Found a basalt altar of Yredelemnul.
     4 | D        | Found an iron altar of Okawaru.
     4 | D        | Found Gaicoh's Staff Store.
     4 | D        | Found Zaac's Magic Scroll Shop.
     5 | D        | Found Wourgh's Must-Have Magic.
     5 | D        | Found Ruhath's Magic Scroll Shop.
     5 | D        | Round 1.
     7 | D        | Found a viscous altar of Jiyva.
    11 | D        | Became a worshipper of Warmaster Okawaru
    20 | D        | Reached skill level 6 in Polearms
    20 | D        | Reached skill level 5 in Dodging
    20 | D        | Reached XP level 2. HP: 22/22 MP: 2/2
    30 | D        | Found a bloodstained altar of Trog.
    30 | D        | Found Isilal's Distillery.
    30 | D        | Found Citan's Distillery.
    31 | D        | Found Butz's Bottled Wisdom.
    36 | D        | Found Fiyng's Do-It-Yourself Clinic.
    36 | D        | Found a radiant altar of Vehumet.
    47 | D        | Found a glowing golden altar of the Shining One.
    49 | D        | Found Puru's Weapon Rack.
    50 | D        | Found Untitaicw's Basic Armour.
    50 | D        | Found Uxzyrak's Miscellaneous Merchandise.
    64 | D        | Reached skill level 7 in Polearms
    70 | D        | Reached XP level 3. HP: 17/27 MP: 3/3
    77 | D        | Found Jumo's Premium Goods.
    77 | D        | Found a shadowy altar of Dithmenos.
    77 | D        | Found a stormy altar of Qazlal.
    77 | D        | Found a burning altar of Makhleb.
    87 | D        | Found a corrupted altar of Lugonu.
    88 | D        | Found a blossoming altar of Fedhas.
    92 | D        | Reached skill level 8 in Polearms
    93 | D        | Found an ancient bone altar of Kikubaaqudgha.
    94 | D        | Found Vaeca's Identification Station.
    95 | D        | Found Erihuacs's Advanced Armour.
    95 | D        | Found Jiot's Jewellery.
    96 | D        | Found a sacrificial altar of Ru.
    96 | D        | Found a glowing silver altar of Zin.
    96 | D        | Found Futsaesma's Bee Food.
   114 | D        | Noticed a water moccasin
   128 | D        | Killed a water moccasin
   128 | D        | Arena points: 14 (+14) [x2]
   128 | D        | Reached skill level 11 in Polearms
   128 | D        | Reached skill level 10 in Dodging
   128 | D        | Reached XP level 4. HP: 16/33 MP: 4/4
   128 | D        | Reached XP level 5. HP: 19/38 MP: 5/5
   136 | D        | Bought a steaming marble ring for 45 gold pieces
   136 | D        | Bought a transparent platinum ring for 45 gold pieces
   136 | D        | Bought a bound ruby amulet for 45 gold pieces
   136 | D        | Identified the ring of Vuder {rN+ MR+ Str+2} (You bought it in a shop in the Dungeon)
   137 | D        | Identified the ring "Xyupis" {Fire rElec Str+3} (You bought it in a shop in the Dungeon)
   138 | D        | Identified the amulet of Jiadew {Gourm Str+5} (You bought it in a shop in the Dungeon)
   183 | D        | Round 2.
   309 | D        | Reached * piety under Okawaru
   309 | D        | Reached skill level 12 in Polearms
   316 | D        | Arena points: 56 (+42) [x3]
   316 | D        | Reached XP level 6. HP: 31/44 MP: 6/6
   385 | D        | Round 3.
   393 | D        | Reached skill level 13 in Polearms
   483 | D        | Reached skill level 14 in Polearms
   516 | D        | Reached XP level 7. HP: 43/50 MP: 7/7
   524 | D        | Noticed a blink frog
   531 | D        | Reached skill level 15 in Polearms
   531 | D        | Slain by a blink frog

Skill      XL: |  1  2  3  4  5  6  7 |
---------------+----------------------+-----
Polearms       | 6 7 11 12 14 15 | 15.0
Dodging        | 5 6 10 11 13 | 13.9
Fighting       | |  2.1
Throwing       | |  2.0

Action                   |  1- 3 |  4- 6 |  7- 9 || total
-------------------------+-------+-------+-------++-------
Melee: Trident           |    39 |    47 |    15 ||   101
  Use: Potion            |     2 |     2 |       ||     4
Armor: Leather armour    |    10 |     5 |       ||    15
Dodge: Dodged            |    30 |    19 |     7 ||    56
